 Dungeon Crawl Stone Soup version 0.27.1 (webtiles) character file.

Game seed: 12627467852193671749

16 Malachi the Stinger (level 2, -4/20 HPs)
             Began as a Draconian Venom Mage on Aug 20, 2021.
             Frozen to death by an endoplasm (5 damage)
             ... on level 1 of the Dungeon.
             The game lasted 00:01:12 (790 turns).

Malachi the Stinger (Draconian Venom Mage)           Turns: 790, Time: 00:01:13

Health: -4/20      AC:  4    Str: 10    XL:     2   Next: 37%
Magic:  2/5        EV: 12    Int: 15    God:
Gold:   37         SH:  0    Dex: 11    Spells: 4/5 levels left

rFire    . . .     SeeInvis .   (no weapon)
rCold    . . .     Faith    .   (no shield)
rNeg     . . .     Spirit   .   (armour unavailable)
rPois    .         Reflect  .   (helmet restricted)
rElec    .         Harm     .   (no cloak)
rCorr    .         Rampage  .   (no gloves)
Will     .....                  (no boots)
Stlth    ++........             (no amulet)
HPRegen  0.06/turn              (no ring)
MPRegen  0.09/turn              (no ring)

@: no status effects
A: AC +4, unfitting armour, cold-blooded
a: no special abilities


You were on level 1 of the Dungeon.
You visited 1 branch of the dungeon, and saw 1 of its levels.

You collected 37 gold pieces.

Inventory:

Scrolls
 a - a scroll of blinking {unknown}


   Skills:
 + Level 1.8 Dodging
 + Level 1.9 Stealth
 + Level 2.1 Spellcasting
 + Level 1.2 Transmutations
 + Level 3.4 Poison Magic


You had 4 spell levels left.
You knew the following spells:

 Your Spells              Type           Power      Damage    Failure   Level
a - Sting                 Tmut/Pois      32%        1d4       9%          1

Your spell library contained the following spells:

 Spells                   Type           Power      Damage    Failure   Level
 Poisonous Vapours        Pois/Air       12%        N/A       16%         2
 Apportation              Tloc           2%         N/A       22%         1
 Mephitic Cloud           Conj/Pois/Air  5%         N/A       38%         3
 Olgreb's Toxic Radiance  Pois           11%        N/A       47%         4


Dungeon Overview and Level Annotations

Branches:
Dungeon (1/15)

Altars:

Shops:
D:1 :?


Innate Abilities, Weirdness & Mutations

Your plain brown scales are hard. (AC +4)
You cannot fit into any form of body armour.
You are cold-blooded and may be slowed by cold attacks.


Message History

Aiming: Sting (safe; 9% risk of failure)
Press: ? - help, Q - select action Shift-Dir - straight line, f - endoplasm
Aim: an endoplasm (97% to hit)
The sting hits the endoplasm.
The endoplasm partially resists.
The endoplasm is lightly wounded.
The endoplasm freezes you.
You are frozen.
You feel yourself slow down. The frilled lizard bites you.
Aiming: Sting (safe; 9% risk of failure)
Press: ? - help, Q - select action Shift-Dir - straight line, f/p - endoplasm
Aim: an endoplasm (lightly wounded, 97% to hit)
The sting hits the endoplasm.
The endoplasm partially resists.
The endoplasm is poisoned.
The endoplasm is moderately wounded.
The endoplasm barely misses you. The frilled lizard barely misses you.
Unknown command.
The endoplasm jiggles.
The endoplasm freezes you.
You are frozen.
You feel as though you will be slow longer.
The frilled lizard bites you.
The endoplasm looks more healthy.
The endoplasm freezes you.
You are frozen.
* * * LOW HITPOINT WARNING * * *
The frilled lizard barely misses you.
You feel yourself speed up. The endoplasm freezes you.
You are frozen.
* * * LOW HITPOINT WARNING * * *
You feel yourself slow down.
The frilled lizard bites you but does no damage.
The endoplasm freezes you.
You are frozen.
* * * LOW HITPOINT WARNING * * *
The frilled lizard bites you but does no damage.
The endoplasm hits you but does no damage.
You feel yourself speed up. The endoplasm freezes you.
You are frozen.
You die...

#..........# #..........#
#..........# #..........#
#..........# ##########
#........### #........#
#........####
##'''##..#######...........#####
.#.....#.......J@...........>...#
.#..<..#..##...l............###.#
.#.....#....................# #.#
.#.....#.....#........#.....###.#
.##+++##.....................##..
........##########........###.
........###### #.'............
.........)...# #.#........###.
.........†...# #.########.####


You could see an endoplasm and a frilled lizard.

Vanquished Creatures
  2 endoplasms (D:1)
  4 goblins (D:1)
  A kobold (D:1)
  2 quokkas (D:1)
  A ball python (D:1)
  3 bats (D:1)
  A rat (D:1)
14 creatures vanquished.

Notes
Turn   | Place    | Note
-------+----------+-------------------------------------------
     0 | D:1      | Malachi the Draconian Venom Mage began the quest for the
                  | Orb.
     0 | D:1      | Reached XP level 1. HP: 14/14 MP: 3/3
   299 | D:1      | Found Vawog's Book Emporium.
   336 | D:1      | Found Heohom's Magic Scroll Shoppe.
   441 | D:1      | Reached XP level 2. HP: 12/20 MP: 0/5
   576 | D:1      | Found a faded altar of an unknown god.
   580 | D:1      | Got Plato's Guide on Dislocation
   788 | D:1      | HP: 1/20 [frozen (1)]
   790 | D:1      | Frozen to death by an endoplasm

Illustrated notes

Levels and vault maps discovered:
D:1:      dpeg_arrival_windows_large_door, layout_basic, serial_shops,
          nicolae_square_shop, shop, shapermc_ecumenical_altar_rom_forum

Action                   || total
-------------------------++-------
Melee: Unarmed           ||    19
       Tailslap          ||     1
 Cast: Sting             ||    26
Armor: Skin              ||    12
Dodge: Dodged            ||    15
